 Dungeon Crawl Stone Soup version 0.30-a0-778-g2ef04afb54 (webtiles) character file.

Game seed: 3749238378593383353

9 PLAYERX the Shooter (level 2, -1/26 HPs)
             Began as a Gnoll Wanderer on Feb 15, 2023.
             Slain by a gnoll
             ... wielding a +0 flail
              (9 damage)
             ... on level 1 of the Dungeon.
             The game lasted 00:02:05 (303 turns).

PLAYERX the Shooter (Gnoll Wanderer)                 Turns: 303, Time: 00:02:05

Health: -1/26      AC:  6    Str: 10    XL:     2   Next: 12%
Magic:  5/5        EV: 10    Int: 10    God:
Gold:   8          SH:  0    Dex: 13    Spells: 6/6 levels left

rFire   . . .      SeeInvis .    a - +0 short sword
rCold   . . .      Faith    .    (no shield)
rNeg    . . .      Spirit   .    b - +0 ring mail
rPois   .          Reflect  .    (no helmet)
rElec   .          Harm     .    (no cloak)
rCorr   .          Rampage  .    (no gloves)
Will    .....                    (no boots)
Stlth   +                        (no amulet)
HPRegen 0.24/turn                (no ring)
MPRegen 0.09/turn                (no ring)

@: no status effects
A: fangs 1, strong nose, distributed training
a: no special abilities


You were on level 1 of the Dungeon.
You visited 1 branch of the dungeon, and saw 1 of its levels.

You collected 8 gold pieces.

Inventory:

Hand Weapons
 a - a +0 short sword (weapon)
Armour
 b - a +0 ring mail (worn)
Scrolls
 c - a scroll of identify {unknown}
 e - a scroll of magic mapping {unknown}
Potions
 d - a potion of attraction


   Skills:
 + Level 4.4 Fighting
 + Level 2.4 Short Blades
 + Level 0.3 Long Blades
 + Level 0.3 Axes
 + Level 0.3 Maces & Flails
 + Level 0.3 Polearms
 + Level 0.3 Staves
 + Level 6.4 Ranged Weapons
 + Level 0.3 Throwing
 + Level 4.4 Armour
 + Level 2.4 Dodging
 + Level 0.3 Stealth
 + Level 0.3 Shields
 + Level 0.3 Unarmed Combat
 + Level 2.7 Spellcasting
 + Level 0.2 Conjurations
 + Level 0.2 Hexes
 + Level 0.2 Summonings
 + Level 0.2 Necromancy
 + Level 0.2 Translocations
 + Level 0.2 Transmutations
 + Level 0.2 Fire Magic
 + Level 0.2 Ice Magic
 + Level 0.2 Air Magic
 + Level 0.2 Earth Magic
 + Level 0.2 Poison Magic
 + Level 0.4 Invocations
 + Level 0.3 Evocations


You had 6 spell levels left.
You didn't know any spells.
Your spell library was empty.

Dungeon Overview and Level Annotations

Branches:
Dungeon (1/15)

Altars:


Innate Abilities, Weirdness & Mutations

You have very sharp teeth.
Your uncanny sense of smell can sniff out nearby items.
Your experience applies equally to all skills.


Message History

A hobgoblin comes into view.
The bat barely misses you.
You hit the bat.
You kill the bat!
A gnoll comes into view. It is wielding a +0 flail.
The gnoll shouts!
You hit the hobgoblin.
The hobgoblin is lightly wounded.
The hobgoblin barely misses you.
You closely miss the hobgoblin.
The hobgoblin is lightly wounded.
The hobgoblin hits you.
You hit the hobgoblin.
The hobgoblin is heavily wounded.
The hobgoblin completely misses you.
You hit the hobgoblin.
The hobgoblin is severely wounded.
The gnoll hits you with a +0 flail! The hobgoblin closely misses you.
You closely miss the hobgoblin.
The hobgoblin is severely wounded.
The gnoll hits you with a +0 flail. The hobgoblin closely misses you.
You are too injured to fight recklessly!
You are too injured to fight recklessly!
You are too injured to fight recklessly!
You barely miss the hobgoblin.
The hobgoblin is severely wounded.
The hobgoblin hits you. The gnoll closely misses you.
You hit the hobgoblin but do no damage.
The hobgoblin is severely wounded.
You hit the hobgoblin.
The hobgoblin is almost dead.
The hobgoblin hits you. The gnoll hits you with a +0 flail.
* * * LOW HITPOINT WARNING * * *
You hit the hobgoblin but do no damage.
The hobgoblin is almost dead.
The gnoll barely misses you. The hobgoblin closely misses you.
You closely miss the hobgoblin. Your bite misses the hobgoblin.
The hobgoblin is almost dead.
The gnoll hits you with a +0 flail!
You die...

... ∆ ### ######.# .<#
##......#
#########..######
..........#####
###...........# #
..+...........######.###
..#...........#..g.....#
................@g......
....###########.......##
..#.#####.....#....#....
..#.....#.###.#......###
#.#####...###.#........
..# ###.....#........#
..# #.##..#......... ..#
#.##..#........# ..#
####.##..#


You could see a gnoll and a hobgoblin.

Vanquished Creatures
  An endoplasm (D:1)
  A goblin (D:1)
  2 hobgoblins (D:1)
  A bat (D:1)
  2 kobolds (D:1)
  A rat (D:1)
8 creatures vanquished.

Notes
Turn   | Place    | Note
-------+----------+-------------------------------------------
     0 | D:1      | PLAYERX the Gnoll Wanderer began the quest for the Orb.
     0 | D:1      | PLAYERX set off with the following items: a +2 sling, a +0
                  | short sword, a +0 ring mail, a potion of attraction.
     0 | D:1      | Reached XP level 1. HP: 20/20 MP: 4/4
     6 | D:1      | Noticed a hound
     6 | D:1      | Noticed a komodo dragon
     6 | D:1      | Noticed a salamander
   167 | D:1      | Reached XP level 2. HP: 26/26 MP: 5/5
   303 | D:1      | Slain by a gnoll

Illustrated notes

Levels and vault maps discovered:
D:1:      onia_arrival_zoo_common, layout_basic, serial_shops, shop,
          minivault_24

Action                     || total
---------------------------++-------
  Melee: Short sword       ||    35
         Bite              ||     4
   Fire: Sling             ||    14
 Armour: Ring mail         ||    14
  Dodge: Dodged            ||    24

Table legend: (Time is in decaauts)
 A = Elapsed time spent in this place.
 B = Non-inter-level travel time spent in this place.
 C = Inter-level travel time spent in this place.
 D = Time resting spent in this place.
 E = Time spent auto-exploring this place.
 F = Levels seen in this place.
 G = Mean time per level.
                   A        B        C        D        E       F      G
               +--------+--------+--------+--------+--------+-----+--------+
         Total |    301 |    301 |      0 |      0 |    193 |   1 |  301.0 |
       Dungeon |    301 |    301 |      0 |      0 |    193 |   1 |  301.0 |
               +--------+--------+--------+--------+--------+-----+--------+

Top non-repeatable levels by time:
     D:1: 301 daAuts
